Map: Dusk Towers

Players

Logifresh - Winner!

  • Race: Protoss Protoss
  • League: Diamond

ToughElite

  • Race: Protoss Protoss
  • League: Master

VOD

Have the link to the VOD?

Description

Time

  • Played on: June 29, 2016, 10:05 p.m.
  • Length: 7:40
Show
View Real Time Build Order
Export as new Build Order

Logifresh Protoss - Winner!

Build Orders:  

Get SALT Encoding   

  12  0:01  Probe (Chrono Boost)  
  13  0:12  Probe (Chrono Boost)  
  14  0:18  Pylon  
  14  0:22  Probe (Chrono Boost)  
  15  0:36  Probe (Chrono Boost)  
  15  0:37  Gateway  
  16  0:43  Assimilator  
  16  0:49  Assimilator  
  16  0:52  Probe (Chrono Boost)  
  17  1:03  Gateway  
  17  1:08  Probe (Chrono Boost)  
  18  1:20  Probe (Chrono Boost)  
  19  1:28  Cybernetics Core  
  19  1:30  Probe (Chrono Boost)  
  20  1:46  Probe (Chrono Boost)  
  21  2:01  Nexus  
  21  2:04  Mothership Core (Chrono Boost), Warp Gate (Chrono Boost)  
  23  2:26  Pylon  
  23  2:33  Assimilator  
  23  2:37  Assimilator  
  23  2:46  Stargate  
  23  3:00  Gateway  
  23  3:01  Pylon  
  23  3:41  Void Ray (Chrono Boost)  
  27  3:46  Pylon  
  27  3:50  Cybernetics Core  
  27  3:54  Gateway  
  27  3:58  Probe  
  28  4:05  Stalker  
  30  4:10  Pylon  
  30  4:17  Robotics Facility  
  30  4:35  Void Ray (Chrono Boost)  
  34  4:39  Probe (Chrono Boost)  
  35  5:12  Immortal (Chrono Boost)  
  39  5:24  Nexus  
  39  5:31  Adept  
  41  5:37  Pylon  
  41  5:47  Observer (Chrono Boost)  
  41  5:49  Probe  
  41  6:00  Stalker x2  
  45  6:14  Void Ray  
  45  6:26  Probe  
  45  6:38  Probe  
  45  6:39  Probe  
  45  6:50  Probe  
  45  6:51  Stalker  
  45  6:52  Stalker  
  45  7:02  Probe  
  45  7:03  Probe  
  45  7:07  Pylon  
  45  7:10  Pylon  
  45  7:13  Probe  
  45  7:17  Probe  
Show
View Real Time Build Order
Export as new Build Order

ToughElite Protoss 

Build Orders: Cannon Rush 

Get SALT Encoding   

  12  0:01  Probe (Chrono Boost)  
  13  0:14  Pylon  
  13  0:18  Probe (Chrono Boost)  
  14  0:28  Probe (Chrono Boost)  
  15  0:36  Forge  
  15  0:40  Probe (Chrono Boost)  
  16  0:51  Probe (Chrono Boost)  
  16  0:54  Pylon  
  17  1:05  Probe (Chrono Boost)  
  18  1:21  Photon Cannon  
  18  1:31  Pylon  
  18  1:41  Pylon  
  18  1:51  Photon Cannon  
  18  1:55  Gateway  
  18  1:57  Photon Cannon  
  18  1:58  Pylon  
  18  2:07  Photon Cannon  
  18  2:16  Photon Cannon  
  18  2:23  Photon Cannon  
  18  2:40  Photon Cannon  
  18  2:47  Assimilator  
  18  3:00  Pylon  
  18  3:04  Probe (Chrono Boost)  
  19  3:05  Assimilator  
  19  3:11  Photon Cannon  
  19  3:15  Probe (Chrono Boost)  
  20  3:23  Zealot (Chrono Boost)  
  22  3:31  Probe (Chrono Boost)  
  23  3:42  Probe (Chrono Boost)  
  23  3:45  Cybernetics Core  
  24  3:52  Probe (Chrono Boost)  
  25  4:03  Probe (Chrono Boost)  
  26  4:14  Probe (Chrono Boost)  
  27  4:24  Robotics Facility  
  27  4:28  Mothership Core (Chrono Boost)  
  27  4:31  Pylon  
  28  4:34  Gateway  
  28  4:47  Probe (Chrono Boost)  
  28  4:50  Photon Cannon  
  29  4:58  Gateway  
  29  5:12  Immortal (Chrono Boost)  
  32  5:22  Stalker  
  34  5:50  Mothership Core (Chrono Boost)  
  32  5:58  Pylon  
Tags
 
Add a new tag
Caveats
  • Supply blocks, unpowered buildings, or Contaminate may cause inaccurate times.
  • Supply counts are checked every 10 seconds.